 Dungeon Crawl Stone Soup version 0.27-a0-103-g6cd7b45605 (webtiles) character file.

Game seed: 9760692970133409870

168 timneilson the Covered (level 5, -8/33 HPs)
             Began as a Gargoyle Fighter on Jan 23, 2021.
             Mangled by a gnoll
             ... wielding a +2 vorpal halberd
              (10 damage)
             ... on level 3 of the Dungeon.
             The game lasted 00:03:14 (2500 turns).

timneilson the Covered (Gargoyle Fighter)           Turns: 2500, Time: 00:03:15

Health: -8/33      AC: 16    Str: 21    XL:     5   Next: 48%
Magic:  5/5        EV:  5    Int:  8    God:
Gold:   98         SH:  9    Dex:  9    Spells: 4/4 levels left

rFire    . . .     SeeInvis .   a - +0 long sword
rCold    + . .     Faith    .   c - +0 kite shield
rNeg     + . .     Spirit   .   i - +2 chain mail {Will+}
rPois    ∞         Reflect  .   (no helmet)
rElec    +         Harm     .   (no cloak)
rCorr    .         Rampage  .   (no gloves)
Will     +....                  m - +0 pair of boots
Stlth    ..........             (no amulet)
HPRegen  0.11/turn              e - ring of protection from cold
MPRegen  0.09/turn              (no ring)

@: mighty, attractive, flying
A: negative energy resistance 1, electricity resistance, unbreathing,
petrification resistance, miasma immunity, AC +4
a: no special abilities


You were on level 3 of the Dungeon.
You visited 1 branch of the dungeon, and saw 3 of its levels.

You collected 98 gold pieces.

Inventory:

Hand Weapons
 a - a +0 long sword (weapon)
Armour
 c - a +0 kite shield (worn)
 i - a +2 chain mail of willpower (worn)
 m - a +0 pair of boots (worn)
Jewellery
 e - a ring of protection from cold (left hand)
Wands
 p - a wand of paralysis (8)
Scrolls
 f - 2 scrolls of remove curse
 g - 2 scrolls of identify
 j - a scroll of amnesia {unknown}
 k - 3 scrolls of teleportation
 o - a scroll of immolation {unknown}
Potions
 b - a potion of mutation
 h - 2 potions of magic


   Skills:
 + Level 3.8 Fighting
 * Level 3.1 Long Blades
 * Level 4.5 Armour
 * Level 4.4 Shields


You had 4 spell levels left.
You didn't know any spells.
Your spell library was empty.

Dungeon Overview and Level Annotations

Branches:
Dungeon (3/15)

Altars:


Innate Abilities, Weirdness & Mutations

You are resistant to torment.
Your stone body is resilient. (AC +4)
You are immune to poison.
You resist negative energy. (rN+)
You are resistant to electric shocks. (rElec)
You can survive without breathing.
You are immune to petrification.
You are immune to miasma.


Message History

You block the gnoll's attack. x3; You block the dart slug's attack.
The gnoll closely misses you.
You riposte.
You hit the gnoll.
The gnoll is heavily wounded.
You closely miss the gnoll.
The gnoll is heavily wounded.
The gnoll barely misses you. The gnoll hits you but does no damage.
The gnoll hits you with a +2 vorpal halberd!!
Ouch! That really hurt!
* * * LOW HITPOINT WARNING * * *
x2 The dart slug bites you but does no damage.
You feel very mighty all of a sudden. You block the gnoll's attack.
The gnoll hits you but does no damage. You block the gnoll's attack.
You barely miss the gnoll.
The gnoll is heavily wounded.
The gnoll hits you but does no damage. x2
The dart slug launches a dart at you.
The slug dart hits you but does no damage.
The gnoll hits you with a +2 vorpal halberd!
You die...

###8..8..>.. .........
#....##.### ##.......
###....#....# #....... #
..........#.# #.#.#.. .?
...###....#.###.#.#.# ...
................#.#.##....
#.#####..##.####..........
#.# #.###.# #gg.!......
#.# #.# #.# #@g........
#.# #.# #.#####w#+##....
#.# #.# #.......# ... #.#
#.# ######### .. #.. ... .
#.#


You could see 3 gnolls and a dart slug.

Vanquished Creatures
  An orc wizard (D:3)
  3 gnolls (D:2)
  2 adders (D:2)
  2 worms
  3 dart slugs
  A leopard gecko (D:3)
  4 orcs (D:3)
  2 giant cockroaches
  8 goblins
  8 hobgoblins
  9 jackals
  A quokka (D:2)
  2 ball pythons
  6 bats
  5 frilled lizards
  10 kobolds
  6 rats
73 creatures vanquished.

Notes
Turn   | Place    | Note
-------+----------+-------------------------------------------
     0 | D:1      | timneilson the Gargoyle Fighter began the quest for the
                  | Orb.
     0 | D:1      | Reached XP level 1. HP: 14/14 MP: 1/1
   122 | D:1      | Reached XP level 2. HP: 19/19 MP: 2/2
   266 | D:1      | Reached XP level 3. HP: 21/23 MP: 3/3
   810 | D:2      | Reached XP level 4. HP: 24/28 MP: 4/4
  1970 | D:3      | Reached XP level 5. HP: 29/33 MP: 5/5
  2500 | D:3      | Mangled by a gnoll

Illustrated notes

Levels and vault maps discovered:
D:1:      amcnicky_arrival_wind_blow, layout_basic,
          chequers_serial_rivers_large_a, minmay_misc_feat_hallway
D:2:      layout_basic, st_stairs_5, minmay_misc_feat_ornament
D:3:      wander_river, layout_basic

Skill      XL: |  1  2  3  4  5 |
---------------+----------------+-----
Long Blades    | 2 3 |  3.1
Armour         | 4 |  4.5
Shields        | 4 |  4.4
Fighting       | |  3.8

Action                   |  1- 3 |  4- 6 || total
-------------------------+-------+-------++-------
Melee: Long sword        |    91 |   200 ||   291
  Use: Scroll            |     3 |     2 ||     5
       Potion            |       |     4 ||     4
Armor: Scale mail        |    51 |       ||    51
       Chain mail        |    10 |   144 ||   154
Dodge: Dodged            |    35 |    52 ||    87
Block: Kite shield       |    59 |   118 ||   177
       Rpst.: Long sword |    11 |    11 ||    22

Table legend: (Time is in decaauts)
 A = Elapsed time spent in this place.
 B = Non-inter-level travel time spent in this place.
 C = Inter-level travel time spent in this place.
 D = Time resting spent in this place.
 E = Time spent auto-exploring this place.
 F = Levels seen in this place.
 G = Mean time per level.
                   A        B        C        D        E       F      G
               +--------+--------+--------+--------+--------+-----+--------+
         Total |   2611 |   2535 |     76 |      0 |   1891 |   3 |  870.3 |
       Dungeon |   2611 |   2535 |     76 |      0 |   1891 |   3 |  870.3 |
               +--------+--------+--------+--------+--------+-----+--------+

Top non-repeatable levels by time:
     D:2: 1287 daAuts
     D:1: 743 daAuts
     D:3: 579 daAuts
